 Dungeon Crawl Stone Soup version 0.31-a0-963-ga325b2283a (webtiles) character file.

Game seed: 15708449881088043736

443 gelatine the Shooter (level 6, -15/46 HPs)
             Began as a Demonspawn Hunter on Oct 26, 2023.
             Demolished by an ogre
             ... wielding a +0 giant club
              (29 damage)
             ... on level 4 of the Dungeon.
             The game lasted 00:07:25 (2704 turns).

gelatine the Shooter (Demonspawn Hunter)            Turns: 2704, Time: 00:07:25

Health: -15/46     AC:  4    Str: 17    XL:     6   Next: 71%
Magic:  6/6        EV: 12    Int: 10    God:
Gold:   154        SH:  0    Dex: 19    Spells: 5/5 levels left

rFire   . . .        a - +0 shortbow
rCold   . . .        (shield currently unavailable)
rNeg    . . .        c - +0 leather armour
rPois   .            (no helmet)
rElec   .            (no cloak)
rCorr   .            p - +0 pair of gloves
SInv    .            (no boots)
Will    .....        (no amulet)
Stlth   ++           t - +6 ring of strength
HPRegen 0.27/turn    (no ring)
MPRegen 0.10/turn

%: no passive effects
@: no status effects
A: powered by death 2
a: no special abilities


You were on level 4 of the Dungeon.
You visited 1 branch of the dungeon, and saw 4 of its levels.

You collected 154 gold pieces.

Inventory:

Hand Weapons
 a - a +0 shortbow (weapon)
 e - a +1 scythe of venom
Missiles
 d - 5 poisoned darts
Armour
 c - a +0 leather armour (worn)
 p - a +0 pair of gloves (worn)
Jewellery
 j - a ring of ice
 t - a +6 ring of strength (left hand)
Scrolls
 b - a scroll of butterflies
 g - a scroll of blinking {unknown}
 h - a scroll of poison {unknown}
 i - 2 scrolls of teleportation {unknown}
 l - a scroll of noise {unknown}
 m - 3 scrolls of revelation {unknown}
 q - a scroll of enchant armour {unknown}
 s - a scroll of brand weapon {unknown}
 u - a scroll of amnesia {unknown}
 w - 2 scrolls of vulnerability {unknown}
 x - a scroll of torment {unknown}
Potions
 k - a potion of degeneration
 n - 2 potions of haste {unknown}
 o - a potion of magic
 r - 2 potions of curing
 v - a potion of brilliance


   Skills:
 + Level 2.5 Fighting
 * Level 6.8 Ranged Weapons
 + Level 1.5 Armour
 + Level 2.2 Dodging
 + Level 1.2 Stealth


You had 5 spell levels left.
You didn't know any spells.
Your spell library contained the following spells:

 Spells                   Type           Power      Damage    Failure   Level
 Ignite Poison            Fire/Tmut/Pois 0%         N/A       80%         3
 Inner Flame              Hex/Fire       0%         N/A       80%         3
 Tukima's Dance           Hex            0%         N/A       80%         3
 Animate Dead             Necr           0%         N/A       99%         4
 Flame Wave               Conj/Fire      0%         2d4       99%         4
 Sticky Flame             Conj/Fire      0%         2d3       99%         4
 Conjure Ball Lightning   Conj/Air       0%         3x3d6     100%        6
 Haunt                    Necr/Summ      0%         N/A       100%        7
 Discord                  Hex            0%         N/A       100%        8
 Disjunction              Tloc           0%         N/A       100%        8
 Ignition                 Fire           0%         3d3       100%        8
 Infestation              Necr           0%         N/A       100%        8


Dungeon Overview and Level Annotations

Branches:
Dungeon (4/15)
 Temple: D:4-7

Altars:
Kikubaaqudgha
Makhleb


Innate Abilities, Weirdness & Mutations

You regenerate health from kills.


Message History

The arrow hits the ogre but does no damage.
The ogre is lightly wounded.
You shoot an arrow. The arrow hits the ogre.
The ogre is moderately wounded.
You shoot an arrow. The arrow barely misses the ogre.
You shoot an arrow. The arrow barely misses the ogre.
You shoot an arrow. The arrow hits the ogre.
The ogre is moderately wounded.
The ogre misses you.
You shoot an arrow. The arrow hits the ogre.
The ogre is moderately wounded.
The ogre hits you with a +0 giant club!!
Ouch! That really hurt!
* * * LOW HITPOINT WARNING * * *
You are too injured to fight recklessly!
You are too injured to fight recklessly!
Fire: a) +0 shortbow
Press: ? - help, Q - select action, (/) - cycle Shift-Dir - straight line, f/p - ogre
Aim: an ogre, wielding a +0 giant club (moderately wounded, 78% to hit)
You shoot an arrow. The arrow completely misses the ogre.
Fire: a) +0 shortbow
Press: ? - help, Q - select action, (/) - cycle Shift-Dir - straight line, f/p - ogre
Aim: an ogre, wielding a +0 giant club (moderately wounded, 78% to hit)
You shoot an arrow. The arrow hits the ogre.
The ogre is moderately wounded.
The ogre closely misses you.
Fire: a) +0 shortbow
Press: ? - help, Q - select action, (/) - cycle Shift-Dir - straight line, f/p - ogre
Aim: an ogre, wielding a +0 giant club (moderately wounded, 78% to hit)
You shoot an arrow. The arrow barely misses the ogre.
The ogre misses you.
Unknown command.
Fire: a) +0 shortbow
Press: ? - help, Q - select action, (/) - cycle Shift-Dir - straight line, f/p - ogre
Aim: an ogre, wielding a +0 giant club (moderately wounded, 78% to hit)
You shoot an arrow. The arrow hits the ogre!
The ogre is heavily wounded.
The ogre hits you with a +0 giant club!!
Ouch! That really hurt!
You die...

.##...#......#
......#......##. ..
......#......##.#.#####.
###...#......##.........
....)....######.........
.........# #.........
.)...##..# #.........
.........# #.O......#
....####.######.@$.....#
.......................#
....####.######........#
##### #...............#
###..####.......#
#.....######### ######
#.###.# .....#####.# ..
...........# #.


You could see an ogre.

Vanquished Creatures
  Sigmund (D:2)
  A jelly (D:4)
  An orc priest (D:3)
  Terence (D:3)
  Jessica (D:3)
  5 adders
  4 gnolls (D:3)
  A dart slug (D:4)
  8 orcs (D:3)
  5 ball pythons
  8 endoplasms
  2 giant cockroaches
  9 goblins
  8 hobgoblins
  3 jackals (D:1)
  7 kobolds
  2 quokkas
  5 bats
  4 rats
76 creatures vanquished.

Notes
Turn   | Place    | Note
-------+----------+-------------------------------------------
     0 | D:1      | gelatine the Demonspawn Hunter began the quest for the Orb.
     0 | D:1      | Reached XP level 1. HP: 16/16 MP: 1/1
     7 | D:1      | Got the Monograph on Exothermic Malisons
   193 | D:1      | Reached skill level 4 in Ranged Weapons
   193 | D:1      | Gained mutation: You regenerate a little health from kills.
                  | [demonic ancestry]
   193 | D:1      | Reached XP level 2. HP: 22/22 MP: 2/2
   633 | D:2      | Reached XP level 3. HP: 13/27 MP: 3/3
   805 | D:2      | Found a faded altar of an unknown god.
   805 | D:2      | Noticed Sigmund
   822 | D:2      | Killed Sigmund
   823 | D:2      | Reached skill level 5 in Ranged Weapons
   823 | D:2      | Reached skill level 1 in Armour
   823 | D:2      | Gained mutation: You regenerate health from kills. [demonic
                  | ancestry]
   823 | D:2      | Reached XP level 4. HP: 18/34 MP: 4/4
   823 | D:2      | Reached XP level 5. HP: 21/39 MP: 5/5
  1509 | D:3      | Reached skill level 1 in Stealth
  1610 | D:3      | Reached skill level 6 in Ranged Weapons
  1631 | D:3      | Reached XP level 6. HP: 20/46 MP: 6/6
  1817 | D:3      | Found an ancient bone altar of Kikubaaqudgha.
  1922 | D:3      | Noticed Terence
  1945 | D:3      | Killed Terence
  2125 | D:3      | Noticed Jessica
  2129 | D:3      | Killed Jessica
  2411 | D:3      | Found a burning altar of Makhleb.
  2704 | D:4      | Demolished by an ogre

Illustrated notes

Levels and vault maps discovered:
D:1:      giann_forest_graveyard, layout_basic, skrybe_limestone_x, st_stairs_6
D:2:      layout_loops_cross, dreamdust_ecumenical_altar_grove,
          chequers_mini_garden, kennysheep_generic_room_7, uniq_sigmund
D:3:      layout_basic, lightli_temple_of_fire, kiku_gazebo_pond_becter,
          serial_bayou, serial_bayou_lagoon_a, serial_bayou_pond_d,
          serial_bayou_crossing, serial_bayou_ford_a, grunt_ministairs_1,
          uniq_terence, uniq_jessica
D:4:      layout_basic, xom_teletrap_fun, minivault_5, uniq_pikel,
          uniq_crazy_yiuf_cottage

Skill      XL: |  1  2  3  4  5 |
---------------+----------------+-----
Ranged Weapons | 4 5 6 |  6.8
Armour         | 1 |  1.5
Dodging        | 2 |  2.2
Stealth        | 1 |  1.2
Fighting       | |  2.5

Action                     |  1- 3 |  4- 6 || total
---------------------------+-------+-------++-------
   Fire: Shortbow          |   109 |   169 ||   278
    Use: Potion            |     2 |       ||     2
         Scroll            |       |     4 ||     4
 Armour: Leather armour    |    45 |    48 ||    93
  Dodge: Dodged            |    46 |    51 ||    97

Table legend: (Time is in decaauts)
 A = Elapsed time spent in this place.
 B = Non-inter-level travel time spent in this place.
 C = Inter-level travel time spent in this place.
 D = Time resting spent in this place.
 E = Time spent auto-exploring this place.
 F = Levels seen in this place.
 G = Mean time per level.
                   A        B        C        D        E       F      G
               +--------+--------+--------+--------+--------+-----+--------+
         Total |   2773 |   2692 |     81 |      0 |   2143 |   4 |  693.2 |
       Dungeon |   2773 |   2692 |     81 |      0 |   2143 |   4 |  693.2 |
               +--------+--------+--------+--------+--------+-----+--------+

Top non-repeatable levels by time:
     D:3: 1132 daAuts
     D:2: 834 daAuts
     D:1: 618 daAuts
     D:4: 188 daAuts
